 Dungeon Crawl Stone Soup version 0.22-a0-109-gbeb7240 (webtiles) character file.

38 tof the Skirmisher (level 3, -2/33 HPs)
             Began as a Minotaur Fighter on Jan 26, 2018.
             Slain by Natasha (5 damage)
             ... on level 2 of the Dungeon.
             The game lasted 00:00:47 (1121 turns).

tof the Skirmisher (Minotaur Fighter)               Turns: 1121, Time: 00:00:48

Health: -2/33      AC:  7    Str: 20    XL:     3   Next: 25%
Magic:  2/2        EV:  7    Int:  5    God:
Gold:   126        SH:  9    Dex: 10    Spells: 2/2 levels left

rFire    . . .     SeeInvis .   a - +0 long sword
rCold    . . .     Gourm    .   c - +0 shield
rNeg     . . .     Faith    .   b - +0 scale mail
rPois    .         Spirit   .   (helmet restricted)
rElec    .         Reflect  .   (no cloak)
rCorr    .         Harm     .   (no gloves)
MR       .....                  (no boots)
Stlth    ..........             (no amulet)
HPRegen  0.11/turn              (no ring)
MPRegen  0.08/turn              (no ring)

@: slowed, very slow
A: retaliatory headbutt, horns 2
a: no special abilities


You were on level 2 of the Dungeon.
You were hungry.

You visited 1 branch of the dungeon, and saw 2 of its levels.

You collected 126 gold pieces.

Inventory:

Hand Weapons
 a - a +0 long sword (weapon)
Armour
 b - a +0 scale mail (worn)
 c - a +0 shield (worn)
Jewellery
 e - an uncursed ring of fire {unknown}
Scrolls
 g - a scroll of remove curse {unknown}
 h - 3 scrolls of identify {unknown}
 i - a scroll of fog {unknown}
 j - a scroll of enchant weapon {unknown}
 k - 2 scrolls of teleportation {unknown}
 l - a scroll of blinking {unknown}
Potions
 d - a potion of might
 m - 2 potions of agility {unknown}
Books
 n - a book of Changes

   Spells                             Type                      Level
   a - Beastly Appendage              Transmutation                1
   b - Sticks to Snakes               Transmutation                2
   c - Spider Form                    Transmutation/Poison         3
   d - Ice Form                       Ice/Transmutation            4
   e - Blade Hands                    Transmutation                5
Comestibles
 f - 4 rations


   Skills:
 + Level 4.0 Fighting
 * Level 3.4 Long Blades
 + Level 4.0 Armour
 + Level 4.0 Shields


You had 2 spell levels left.
You didn't know any spells.

Dungeon Overview and Level Annotations

Branches:
Dungeon (2/15)

Altars:
Fedhas
Qazlal

Annotations:
D:2 Natasha


Innate Abilities, Weirdness & Mutations

You reflexively headbutt those who attack you in melee.
You have a pair of horns on your head.


Message History

The kobold hits you but does no damage.
Natasha drinks a potion.
Natasha is healed!
The kobold hits you but does no damage. Natasha claws you.
* * * LOW HITPOINT WARNING * * *
You closely miss Natasha. You block the kobold's attack. Natasha claws you.
* * * LOW HITPOINT WARNING * * *
Natasha stares at you and mumbles some strange words.
The magic dart hits you!
* * * LOW HITPOINT WARNING * * *
You barely miss Natasha. The kobold barely misses you. You furiously retaliate!
You headbutt the kobold!
You kill the kobold!
Natasha claws you.
* * * LOW HITPOINT WARNING * * *
The kobold closely misses you. You furiously retaliate!
You headbutt the kobold, but do no damage.
You closely miss Natasha. Your headbutt misses Natasha.
You block Natasha's attack. The kobold barely misses you.
Natasha casts a spell.
You block the kobold's attack. Natasha claws you.
You die...

.. #. #. #.## ... ..
###.######..
....#...†K......
........@h.#
..####.##5....##. #)#
###..... #.# .### ...
#######.##.#... #.#
#............# #.# ####
#.....##.#.### #.# #...
#........#.######.####...
########.................


You could see Natasha, a white imp and a kobold.

Vanquished Creatures
  An ooze (D:1)
  A dart slug (D:1)
  2 giant cockroaches
  4 goblins
  5 hobgoblins (D:1)
  6 kobolds
  2 bats (D:1)
  3 frilled lizards
  5 rats
29 creatures vanquished.

Notes
Turn   | Place    | Note
-------+----------+-------------------------------------------
     0 | D:1      | tof the Minotaur Fighter began the quest for the Orb.
     0 | D:1      | Reached XP level 1. HP: 19/19 MP: 0/0
     0 | D:1      | Noticed a naga
     0 | D:1      | Noticed a vine stalker
     1 | D:1      | Noticed an ogre
     4 | D:1      | Noticed a dwarf
     6 | D:1      | Noticed an ogre
     7 | D:1      | Noticed a centaur
     8 | D:1      | Noticed a formicid
    11 | D:1      | Noticed a centaur
    11 | D:1      | Noticed a troll
    13 | D:1      | Noticed a human
    13 | D:1      | Noticed a felid
    15 | D:1      | Noticed an elf
    15 | D:1      | Noticed a centaur
    15 | D:1      | Noticed a naga
    17 | D:1      | Noticed a draconian
    17 | D:1      | Noticed a vine stalker
   245 | D:1      | Reached XP level 2. HP: 27/27 MP: 1/1
   561 | D:1      | Reached XP level 3. HP: 33/33 MP: 2/2
  1031 | D:2      | Found a blossoming altar of Fedhas.
  1033 | D:2      | Found a stormy altar of Qazlal.
  1109 | D:2      | Noticed Natasha
  1121 | D:2      | Slain by Natasha

Vault maps used:
D:1:      shiori_arrival_whats_in_store_for_you
D:2:      grunt_temple_overflow_forces_of_nature, grunt_temple_overflow_open,
          grunt_ashenzari_visionary, uniq_natasha

Skill      XL: |  1  2  3 |
---------------+----------+-----
Long Blades    | 3 |  3.4
Fighting       | 4 |  4.0
Shields        | 4 |  4.0
Armour         | 4 |  4.0

Action                   || total
-------------------------++-------
Melee: Long sword        ||    73
       Headbutt          ||    14
Armor: Scale mail        ||    41
Dodge: Dodged            ||    23
Block: Shield            ||    47
       Rpst.: Long sword ||     7

Table legend:
 A = Spawn XP
 B = Non-spawn XP
 C = Spawn XP percentage of total XP
 D = Spawn monster count
 E = Non-spawn monster count
 F = Spawn count percentage of total count
 G = Total turns spent on level
                    A         B        C        D         E        F      G
               +---------+---------+-------+---------+---------+-------+---------
         Total |       0 |      55 |   0.0 |       0 |      29 |   0.0 |  1121
               +---------+---------+-------+---------+---------+-------+---------
           D:1 |       0 |      46 |   0.0 |       0 |      23 |   0.0 |  1019
           D:2 |       0 |       9 |   0.0 |       0 |       6 |   0.0 |   102
               +---------+---------+-------+---------+---------+-------+---------
